 Dungeon Crawl Stone Soup version 0.16-a0-1212-geefc3ab (webtiles) character file.

5495 Psiweapon the Martial Artist (level 10, 7/44 HPs)
             Began as a Vine Stalker Transmuter on Oct 12, 2014.
             Was the Champion of Cheibriados.
             Quit the game on level 1 of the Lair of Beasts.
             The game lasted 00:49:00 (8719 turns).

Psiweapon the Martial Artist (VSTm)                 Turns: 8719, Time: 00:49:00

Health: 7/44       AC:  6    Str: 28      XL:     10   Next: 69%
Magic:  4/24       EV: 19    Int: 30      God:    Cheibriados [******]
Gold:   458        SH:  0    Dex: 30 (31) Spells: 3 memorised, 10 levels left

rFire  . . .     SeeInvis .       - Unarmed
rCold  . . .     Clarity  .     H - +2 robe {MR+}
rNeg   . . .     SustAb   .     (no shield)
rPois  .         Gourm    .     (no helmet)
rElec  .         Spirit   +     e - +1 cloak
rCorr  .         Warding  .     (no gloves)
rMut   .         Stasis   .     (no boots)
MR     ++...                    L - amulet of faith
Stlth  ++........               q - ring of wizardry
                                g - +4 ring of evasion

@: very slow, very resistant to hostile enchantments, unstealthy
A: fangs 3, regeneration 2, magic shield, antimagic bite, no device heal 3, rot
immunity
a: Bend Time, Temporal Distortion, Slouch, Step From Time, Renounce Religion


You were on level 1 of the Lair of Beasts.
You worshipped Cheibriados.
Cheibriados was exalted by your worship.
You were not hungry.

You visited 3 branches of the dungeon, and saw 12 of its levels.

You collected 458 gold pieces.

Inventory:

Hand weapons
 b - a +0 shortbow
Missiles
 i - 20 steel sling bullets
 r - 27 stones (quivered)
 C - 42 arrows of frost
 J - 116 arrows
 K - 12 arrows of dispersal
 W - 9 tomahawks
Armour
 e - a +1 cloak (worn)
 H - a +2 robe of magic resistance (worn)
 V - a +2 large shield
Magical devices
 c - a wand of lightning (3)
 G - a wand of magic darts (23)
 P - a wand of random effects (31)
Comestibles
 a - 6 bread rations
 m - 4 meat rations
 T - a beef jerky
 Y - 2 royal jellies
 Z - a rotting chunk of hound flesh
Scrolls
 l - 3 scrolls of enchant armour
 n - 5 scrolls of fog
 s - a scroll of fear {unknown}
 x - 2 scrolls of random uselessness {unknown}
 y - a scroll of recharging {unknown}
 D - a scroll of enchant weapon {unknown}
 E - 3 scrolls of teleportation {unknown}
 I - 4 scrolls of remove curse
 M - a scroll of noise {unknown}
 O - 2 scrolls of magic mapping
 Q - 5 scrolls of identify
Jewellery
 f - an uncursed amulet of resist corrosion
 g - a +4 ring of evasion (left hand)
 j - a +2 ring of protection
 o - an uncursed ring of protection from magic
 q - a ring of wizardry (right hand)
 w - a +1 ring of intelligence
 z - an uncursed ring of protection from fire
 A - an uncursed ring of teleportation
 L - an amulet of faith (around neck)
Potions
 h - a potion of haste {unknown}
 k - 2 potions of restore abilities {unknown}
 p - 2 potions of curing
 t - 2 potions of magic {unknown}
 u - 3 potions of flight {unknown}
 v - 2 potions of lignification {unknown}
 B - a potion of brilliance {unknown}
 F - a potion of cure mutation {unknown}
 R - 3 potions of heal wounds {unknown}
 S - a potion of agility {unknown}
 U - a potion of might {unknown}
Books
 d - a book of Changes

   Spells                             Type                      Level
   *Beastly Appendage                 Transmutation                1
   Sticks to Snakes                   Transmutation                2
   Spider Form                        Transmutation/Poison         3
   *Ice Form                          Ice/Transmutation            4
   *Blade Hands                       Transmutation                5
 N - Sif Muna's Compendium of Creation
   (You found it on level 6 of the Dungeon)

   Spells                             Type                      Level
   Summon Small Mammal                Summoning                    1
Magical staves
 X - an uncursed staff of air


   Skills:
 - Level 0.8 Fighting
 + Level 3.0 Dodging
 * Level 11.3 Unarmed Combat
 - Level 5.6 Spellcasting
 - Level 6.5 Transmutations
 - Level 5.0 Ice Magic
 + Level 4.0 Invocations


You had 10 spell levels left.
You knew the following spells:

 Your Spells              Type           Power        Failure   Level  Hunger
a - Beastly Appendage     Trmt           #####.       1%          1    None
b - Ice Form              Ice/Trmt       #####...     2%          4    ###....
c - Blade Hands           Trmt           #####.....   6%          5    ####...


Dungeon Overview and Level Annotations

Branches:
Dungeon (10/15)            Temple (1/1) D:6            Lair (1/8) D:9
    Orc: D:9-12

Altars:
Ashenzari
Cheibriados
Dithmenos
Elyvilon
Fedhas
Gozag
Kikubaaqudgha
Makhleb
Nemelex Xobeh
Okawaru
Qazlal
Ru
Sif Muna
Trog
Vehumet
Xom
Yredelemnul
Zin
The Shining One

Shops:
D:4 (

Annotations:
D:3 Hullio's ghost, average DsGl
Lair:1 exclusion: hydra


Innate Abilities, Weirdness & Mutations

You have razor-sharp teeth.
You heal very quickly.
When hurt, damage is shared between your health and your magic reserves.
Your bite disrupts and absorbs the magic of your enemies.
Potions and wands cannot restore your health.
You are immune to rotting.


Message History

The eight-headed hydra bites you but does no damage.
The eight-headed hydra closely misses you.
The eight-headed hydra bites you! x2
The eight-headed hydra bites you. x2
Use which ability? (? or * to list)
You fail to use your ability.
The eight-headed hydra bites you!
* * * LOW HITPOINT WARNING * * *
The eight-headed hydra misses you.
The eight-headed hydra bites you but does no damage.
The eight-headed hydra misses you. The eight-headed hydra bites you.
The eight-headed hydra bites you.
* * * LOW HITPOINT WARNING * * *
The eight-headed hydra barely misses you.
The eight-headed hydra bites you.
* * * LOW HITPOINT WARNING * * *
Use which ability? (? or * to list)
Okay, then.
Read which item? (? for menu, Esc to quit)
Okay, then.
Are you sure you want to abandon this character and quit the game? (Confirm with "yes".)

#...P.. ##....%.
## ##....... #.
####...#....
#.#####.##..###...
#.#.#......# ##..
#..........# ##.
##.#######...# ##.
#@## #....##..
#.D.# #....##..
#.##.# #......#.
## .. ###........
..# #P.........
... ###.......#.
...).........###
.#P.........%# #
#........#


You could see an eight-headed hydra.

Vanquished Creatures
  A black mamba (Lair:1)
  A two-headed ogre (D:9)
  A fire drake (D:9)
  2 hippogriffs
  Menkaure (D:5)
  3 porcupines (Lair:1)
  A black bear (D:8)
  An ice beast (D:9)
  4 orc warriors
  4 centaurs
  A phantom (D:9)
  3 ogres
  Sigmund (D:7)
  Duvessa (D:5)
  5 giant frogs
  Blork the orc (D:4)
  A water moccasin zombie (D:7)
  2 scorpions (D:5)
  6 killer bees (D:9)
  A hippogriff zombie (D:7)
  3 wights (D:7)
  A vampire bat (D:7)
  Dowan (D:5)
  2 crimson imps
  3 jellies
  A quasit (D:9)
  5 hounds
  A centaur skeleton (D:4)
  6 orc priests
  An elf zombie (D:9)
  Natasha (thrice) (D:6)
  11 orc wizards
  8 worker ants
  5 iguanas
  5 sheep (Lair:1)
  A hound skeleton (D:5)
  18 adders
  An orc skeleton (D:8)
  2 giant mites
  2 worms (D:2)
  A goliath beetle zombie (D:5)
  An adder skeleton (D:4)
  45 orcs
  5 bat skeletons (D:7)
  2 bat zombies (D:7)
  2 giant cockroaches
  11 goblins
  16 hobgoblins
  2 jackals (D:2)
  11 kobolds
  5 quokkas
  9 bats
  4 giant geckos
  A giant gecko skeleton (D:4)
  6 giant newts
  A hobgoblin zombie (D:8)
  A quokka skeleton (D:4)
  13 rats
  A spectral orc (D:5)
258 creatures vanquished.

Notes
Turn   | Place    | Note
--------------------------------------------------------------
     0 | D:1      | Psiweapon, the Vine Stalker Transmuter, began the quest for the Orb.
     0 | D:1      | Reached XP level 1. HP: 9/9 MP: 3/3
   430 | D:1      | Reached XP level 2. HP: 6/14 MP: 5/5
   886 | D:2      | Reached XP level 3. HP: 17/17 MP: 5/7
  1003 | D:2      | Found a shimmering altar of Xom.
  1057 | D:2      | Found a blossoming altar of Fedhas.
  1096 | D:2      | Found a white marble altar of Elyvilon.
  1118 | D:2      | Reached skill level 4 in Unarmed Combat
  1120 | D:2      | Found a shadowy altar of Dithmenos.
  1157 | D:2      | Reached XP level 4. HP: 21/21 MP: 6/8
  1385 | D:2      | Learned a level 4 spell: Ice Form
  1602 | D:2      | Found a stormy altar of Qazlal.
  1744 | D:3      | Found an opulent altar of Gozag.
  1861 | D:3      | Noticed Hullio's ghost (average DsGl)
  2184 | D:3      | Reached XP level 5. HP: 14/25 MP: 11/11
  2195 | D:3      | Found a radiant altar of Vehumet.
  2239 | D:3      | Reached skill level 1 in Ice Magic
  2461 | D:3      | Found a snail-covered altar of Cheibriados.
  2479 | D:3      | Became a worshipper of Cheibriados the Contemplative
  2582 | D:4      | Found Weigan's Weapon Emporium.
  2764 | D:4      | Found a sparkling altar of Nemelex Xobeh.
  2765 | D:4      | Found a sacrificial altar of Ru.
  2865 | D:4      | Reached skill level 5 in Unarmed Combat
  2998 | D:4      | Gained mutation: You heal very quickly. [vine stalker growth]
  2998 | D:4      | Reached XP level 6. HP: 29/29 MP: 12/12
  3280 | D:4      | Noticed Blork the orc
  3300 | D:4      | Killed Blork the orc
  3508 | D:5      | Entered Level 5 of the Dungeon
  3530 | D:5      | Found a shattered altar of Ashenzari.
  3578 | D:5      | Noticed Menkaure
  3761 | D:5      | Noticed Duvessa
  3761 | D:5      | Noticed Dowan
  3776 | D:5      | Killed Duvessa
  3791 | D:5      | Killed Dowan
  3791 | D:5      | Reached XP level 7. HP: 4/32 MP: 3/14
  3824 | D:5      | Reached skill level 6 in Unarmed Combat
  4467 | D:5      | Found a basalt altar of Yredelemnul.
  4570 | D:5      | Killed Menkaure
  4826 | D:5      | Reached skill level 7 in Unarmed Combat
  4826 | D:5      | Gained mutation: You have razor-sharp teeth. [vine stalker growth]
  4826 | D:5      | Reached XP level 8. HP: 37/37 MP: 11/16
  5331 | D:6      | Noticed Natasha
  5335 | D:6      | Killed Natasha
  5335 | D:6      | Reached skill level 5 in Ice Magic
  5423 | D:6      | Found a staircase to the Ecumenical Temple.
  5433 | Temple   | Entered the Ecumenical Temple
  5497 | D:6      | Noticed Natasha
  5506 | D:6      | Killed Natasha
  5556 | D:6      | Noticed Natasha
  5559 | D:6      | Killed Natasha
  5559 | D:6      | Acquired Cheibriados' first power
  5632 | D:6      | Reached skill level 8 in Unarmed Combat
  5744 | D:6      | Reached skill level 5 in Transmutations
  6010 | D:6      | Found a deep blue altar of Sif Muna.
  6025 | D:6      | Identified Sif Muna's Compendium of Creation
  6091 | D:6      | Reached XP level 9. HP: 40/40 MP: 17/20
  6214 | D:7      | Learned a level 5 spell: Blade Hands
  6225 | D:7      | Acquired Cheibriados' second power
  6236 | D:7      | Reached skill level 9 in Unarmed Combat
  6432 | D:7      | Noticed Sigmund
  6440 | D:7      | Killed Sigmund
  6882 | D:7      | Acquired Cheibriados' third power
  6900 | D:7      | Found an ancient bone altar of Kikubaaqudgha.
  7607 | D:8      | Reached skill level 10 in Unarmed Combat
  7607 | D:8      | Reached skill level 5 in Spellcasting
  7699 | D:8      | Reached skill level 1 in Invocations
  7754 | D:10     | Entered Level 10 of the Dungeon
  7850 | D:9      | Reached XP level 10. HP: 41/44 MP: 19/24
  8261 | D:9      | Noticed a fire drake
  8269 | D:9      | Found a staircase to the Lair.
  8282 | D:9      | Killed a fire drake
  8287 | Lair:1   | Entered Level 1 of the Lair of Beasts
  8328 | Lair:1   | Reached skill level 11 in Unarmed Combat
  8405 | Lair:1   | Noticed a five-headed hydra
  8527 | Lair:1   | Noticed a black mamba
  8531 | Lair:1   | Killed a black mamba
  8716 | Lair:1   | Noticed an eight-headed hydra
  8719 | Lair:1   | Quit the game

Action                   |  1- 3 |  4- 6 |  7- 9 | 10-12 || total
-------------------------+-------+-------+-------+-------++-------
Melee: Unarmed           |    91 |   286 |   283 |    97 ||   757
 Fire: Shortbow          |       |       |    27 |       ||    27
Throw: Stone             |     2 |     3 |     4 |     1 ||    10
 Cast: Beastly Appendage |    14 |    29 |    16 |       ||    59
       Ice Form          |       |       |    14 |     3 ||    17
       Blade Hands       |       |       |     5 |     1 ||     6
Invok: Bend Time         |       |     1 |     1 |       ||     2
       Slouch            |       |       |       |     2 ||     2
  Use: Scroll            |     4 |     4 |     3 |       ||    11
       Potion            |       |       |       |     1 ||     1
 Stab: Sleeping          |     1 |     1 |     5 |     1 ||     8
       Distracted        |       |       |       |     1 ||     1
  Eat: Chunk             |     1 |     9 |    13 |     3 ||    26
